 Dungeon Crawl Stone Soup version 0.31.0-11-ge490571c62 (webtiles) character file.

Game seed: 12383501032811457649

37 qw the Shooter (level 3, -1/18 HPs)
             Began as a Spriggan Hunter on Feb 4, 2024.
             Slain by Terence
             ... wielding a +3 mace of holy wrath
              (8 damage)
             ... on level 2 of the Dungeon.
             The game lasted 00:00:04 (1837 turns).

qw the Shooter (Spriggan Hunter)                    Turns: 1837, Time: 00:00:05

Health: -1/18      AC:  6    Str:  7    XL:     3   Next: 23%
Magic:  4/4        EV: 19    Int: 10    God:
Gold:   105        SH:  0    Dex: 20    Spells: 2/2 levels left

rFire   . . .        a - +0 shortbow
rCold   . . .        (shield currently unavailable)
rNeg    . . .        c - +0 robe
rPois   .            (helmet restricted)
rElec   .            (no cloak)
rCorr   .            (gloves unavailable)
SInv    +            (boots unavailable)
Will    .....        (no amulet)
Stlth   ++           b - +4 ring of protection
HPRegen 0.23/turn    (no ring)
MPRegen 0.09/turn

%: no passive effects
@: very quick
A: very small, no large weapons, unfitting armour, see invisible, speed 3
a: no special abilities


You were on level 2 of the Dungeon.
You visited 1 branch of the dungeon, and saw 2 of its levels.

You collected 105 gold pieces.


Innate Abilities, Weirdness & Mutations

You are very small and have problems with some larger weapons.
You are too small for most types of armour.
You have supernaturally acute eyesight. (SInv)
You cover ground extremely quickly. (Speed+++)


   Skills:
 - Level 1.5 Fighting
 + Level 4.5 Ranged Weapons
 - Level 4.0 Dodging
 - Level 1.5 Stealth


You had 2 spell levels left.
You didn't know any spells.
Your spell library was empty.

Inventory:

Hand Weapons
 a - a +0 shortbow (weapon)
Armour
 c - a +0 robe (worn)
Jewellery
 b - a +4 ring of protection (left hand)
Scrolls
 d - a scroll of enchant weapon {unknown}
 e - a scroll of enchant armour
 k - a scroll of identify
 l - a scroll of fog {unknown}
Potions
 f - a potion of berserk rage {unknown}
 g - 4 potions of curing {unknown}
 h - a potion of brilliance {unknown}
 i - a potion of degeneration {unknown}
 j - a potion of mutation {unknown}

Dungeon Overview and Level Annotations

Branches:
Dungeon (2/15)

Altars:

Annotations:
D:2 Terence


Message History

The ball python hisses angrily.
The ball python is severely wounded.
You shoot an arrow.
The arrow hits the ball python but does no damage.
The ball python is severely wounded.
You shoot an arrow.
The arrow closely misses the ball python.
You shoot an arrow. The arrow hits the ball python!
You kill the ball python!
You now have 105 gold pieces (gained 10).
g - 4 dark potions (gained 1)
You open the door.
There is an open door here.
Enter note:
Enter note: You shoot an arrow.
The arrow barely misses Terence.
You shoot an arrow. The arrow barely misses Terence.
You shoot an arrow.
The arrow hits Terence but does no damage.
You shoot an arrow. The arrow closely misses Terence.
You shoot an arrow.
The arrow hits Terence but does no damage.
Terence hits you with a +3 mace of holy wrath.
You shoot an arrow. The arrow barely misses Terence.
Terence closely misses you.
You shoot an arrow. The arrow barely misses Terence.
Terence hits you with a +3 mace of holy wrath.
You shoot an arrow. The arrow closely misses Terence.
Terence misses you.
You shoot an arrow. The arrow closely misses Terence.
Terence completely misses you.
You shoot an arrow.
The arrow hits Terence but does no damage.
Terence hits you with a +3 mace of holy wrath.
You shoot an arrow. The arrow completely misses Terence.
Terence closely misses you.
You shoot an arrow. The arrow barely misses Terence.
Terence hits you with a +3 mace of holy wrath!
You die...
Terence says, "That felt goooood."

#.#....## #.# ###.#.### ####...#
### #...#...# #...# #.##
######.#####.. #...#
#..###.......#####. #...#
#...##.###...#.# #. #...#
#....#.##......# #.
#####...#######....'.......### #.
....#...#..........#.......#####.
....#...#......@@.#####..........
....#...#........## #.#########
#####...#######.## #.# #...# ##
#.# #...# #########.# #...#
#.......#.# #...# #.#####.#.#
#####...# ####.#####.#.#
#.##....# #............#


You could see Terence.

Vanquished Creatures
  5 bats
  4 endoplasms
  2 giant cockroaches (D:1)
  4 goblins (D:1)
  3 hobgoblins
  3 quokkas
  4 ball pythons
  3 kobolds
  3 rats
31 creatures vanquished.

Notes
Turn   | Place    | Note
-------+----------+-------------------------------------------
     0 | D:1      | qw the Spriggan Hunter began the quest for the Orb.
     0 | D:1      | Reached XP level 1. HP: 10/10 MP: 2/2
     0 | D:1      | 0 ||| qw: Version: 0.3-a-160-g6735b56
     0 | D:1      | 0 ||| qw: Game counter: 4660
     0 | D:1      | 0 ||| qw: Melee chars always use a shield: true
     0 | D:1      | 0 ||| qw: God list: Okawaru
     0 | D:1      | 0 ||| qw: Allow faded altars: false
     0 | D:1      | 0 ||| qw: Do Orc after clearing Dungeon:15 true
     0 | D:1      | 0 ||| qw: Do second Lair branch before Depths: true
     0 | D:1      | 0 ||| qw: Lair rune preference: random
     0 | D:1      | 0 ||| qw: Goals: Normal
     0 | D:1      | 0 ||| PLANNING D:1-11
   146 | D:1      | Reached skill level 3 in Dodging
   312 | D:1      | Reached XP level 2. HP: 14/14 MP: 3/3
   739 | D:1      | 739 ||| READING 2 scrolls labelled GULAFFE NOINIUMO.
   739 | D:1      | 739 ||| ENCHANTING +0 shortbow.
   740 | D:1      | 740 ||| READING scroll labelled TITHERA XAUN.
   841 | D:1      | 841 ||| READING scroll labelled ROEF LEIDOMYNY.
   842 | D:1      | 842 ||| READING scroll labelled OSAELL TUWKO.
   842 | D:1      | 842 ||| IDENTIFYING fizzy purple potion
   843 | D:1      | 843 ||| DROPPING scroll of butterflies.
   844 | D:1      | 844 ||| DROPPING potion of lignification.
  1008 | D:2      | 1008 ||| UPGRADING to +4 ring of protection.
  1014 | D:2      | Reached XP level 3. HP: 18/18 MP: 4/4
  1492 | D:2      | Identified the +1 mace of Turmoil {venom, Dex+2}
  1712 | D:2      | Noticed Terence
  1837 | D:2      | Slain by Terence

Levels and vault maps discovered:
D:1:      dpeg_arrival_tiny_d, layout_basic, amcnicky_mini_pool_small
D:2:      layout_loops_corners, serial_co_window_serial, co_window_paths_a,
          co_window_of_opportunity_a, co_window_of_opportunity_a,
          co_window_cross_1, co_window_paths_a, co_window_paths_c,
          co_window_corner_b, co_window_cross_3, co_window_corner_b,
          co_window_broadway_c, co_window_cross_3, glass_columns_a,
          glass_columns_b, glass_columns_b, glass_columns_a, glass_columns_c,
          kennysheep_path_1, uniq_terence

Skill      XL: |  1  2 |
---------------+-------+-----
Dodging        | 3 4 |  4.0
Fighting       | |  1.5
Ranged Weapons | |  4.5
Stealth        | |  1.5

Action                     || total
---------------------------++-------
   Fire: Shortbow          ||   100
    Use: Scroll            ||     4
 Armour: Robe              ||    11
  Dodge: Dodged            ||    36

Table legend:
 A = Non-vault XP
 B = Vault XP
 C = Vault XP percentage of total XP
 D = Non-vault monster count
 E = Vault monster count
 F = Vault count percentage of total count
                 A         B        C        D         E       F
            +---------+---------+-------+---------+---------+-------
      Total |      54 |       0 |   0.0 |      31 |       0 |   0.0
            +---------+---------+-------+---------+---------+-------
        D:1 |      34 |       0 |   0.0 |      20 |       0 |   0.0
        D:2 |      20 |       0 |   0.0 |      11 |       0 |   0.0
            +---------+---------+-------+---------+---------+-------
